 Dungeon Crawl Stone Soup version 0.31-a0-229-g1fc7ce93e2 (webtiles) character file.

Game seed: 5696141579430172172

583 qw the Shooter (level 7, -1/43 HPs)
             Began as a Gargoyle Hexslinger on July 6, 2023.
             Slain by Pikel
             ... wielding a +0 whip of flaming
              (4 damage)
             ... on level 4 of the Dungeon.
             The game lasted 00:01:48 (4087 turns).

qw the Shooter (Gargoyle Hexslinger)                Turns: 4087, Time: 00:01:49

Health: -1/43      AC: 11    Str: 11    XL:     7   Next: 37%
Magic:  8/8        EV: 10    Int: 14    God:
Gold:   67         SH:  0    Dex: 14    Spells: 7/8 levels left

rFire   . . .        l - +0 sling (heavy)
rCold   . . .        (no shield)
rNeg    + . .        d - +0 ring mail
rPois   inf          (no helmet)
rElec   +            (no cloak)
rCorr   .            a - +0 pair of gloves
SInv    .            (no boots)
Will    .....        (no amulet)
Stlth   +            (no ring)
HPRegen 0.27/turn    (no ring)
MPRegen 0.11/turn

%: no passive effects
@: no status effects
A: sickness immunity, AC +4, negative energy resistance 1, electricity
resistance, torment resistance 1, petrification resistance
a: no special abilities


You were on level 4 of the Dungeon.
You visited 1 branch of the dungeon, and saw 4 of its levels.
You also visited: Sewer.

You collected 200 gold pieces.
You spent 133 gold pieces at shops.


Innate Abilities, Weirdness & Mutations

You are immune to sickness and miasma.
Your stone body is resilient. (AC +4)
You are immune to poison.
You resist negative energy. (rN+)
You are resistant to electric shocks. (rElec)
You are resistant to unholy torment.
You are immune to petrification.


   Skills:
 - Level 4.0 Fighting
 + Level 6.3 Ranged Weapons
 - Level 2.8 Armour
 - Level 1.5 Dodging
 - Level 1.0 Spellcasting
 - Level 2.6 Hexes


You had 7 spell levels left.
You knew the following spells:

 Your Spells              Type           Power      Damage    Failure   Level
a - Slow                  Hex            32%        N/A       21%         1

Your spell library contained the following spells:

 Spells                   Type           Power      Damage    Failure   Level
 Inner Flame              Hex/Fire       4%         N/A       71%         3
 Portal Projectile        Hex/Tloc       8%         N/A       71%         3
 Cause Fear               Hex            4%         N/A       89%         4

Inventory:

Hand Weapons
 l - a +0 heavy sling (weapon)
Armour
 a - a +0 pair of gloves (worn)
 d - a +0 ring mail (worn)
Scrolls
 c - a scroll of identify
 i - 3 scrolls of teleportation
 m - a scroll of silence {unknown}
Potions
 b - a potion of attraction {unknown}
 e - 3 potions of lignification {unknown}
 f - 2 potions of resistance
 g - 2 potions of curing {unknown}
 h - a potion of ambrosia {unknown}
 j - a potion of haste
 k - a potion of invisibility {unknown}

Dungeon Overview and Level Annotations

Branches:
Dungeon (4/15)              Sewer (visited)
 Temple: D:4-7

Altars:

Shops:
D:3 [?[[

Annotations:
D:4 Edmund, Pikel


Message History

Enter note:
Enter note:
Enter note:
Enter note:
Enter note:
Enter note:
Enter note:
Enter note: You shoot a sling bullet.
The sling bullet barely misses Pikel.
You hear a shout!
The lemure hits you but does no damage.
You shoot a sling bullet. The sling bullet barely misses Pikel.
Pikel misses you. The lemure closely misses you.
Pikel hits you with a +0 whip of flaming.
Pikel burns you. The lemure hits you.
You shoot a sling bullet. The sling bullet hits Pikel!
Pikel is heavily wounded.
Pikel hits you with a +0 whip of flaming.
Pikel burns you. The lemure closely misses you.
Pikel hits you with a +0 whip of flaming.
Pikel burns you. The lemure closely misses you.
You shoot a sling bullet. The sling bullet hits Pikel.
Pikel is heavily wounded.
Pikel closely misses you. The lemure closely misses you.
Pikel closely misses you. The lemure closely misses you.
You shoot a sling bullet. The sling bullet hits Pikel.
Pikel is heavily wounded.
Pikel barely misses you. The lemure hits you but does no damage.
The lemure hits you.
Pikel hits you with a +0 whip of flaming.
Pikel burns you.
You shoot a sling bullet. The sling bullet hits Pikel!
Pikel is almost dead.
Pikel hits you with a +0 whip of flaming.
Pikel burns you. The lemure hits you but does no damage.
You shoot a sling bullet. The sling bullet closely misses Pikel.
Pikel hits you with a +0 whip of flaming!
Pikel burns you. The lemure hits you but does no damage.
Pikel hits you with a +0 whip of flaming.
You die...

######## ######
#####......# #....#
#.....####.# #.##.#
#.##..####.# #.##.##
###.###...##%#
#.#...####..##.#......#
#.#.#....#.##S.#.###..#
####.#...####.#5# #.#
#..# #.......######@#
#.###.## #.##.##.##..#K##
#.....# #.##.##.##..#5
####.## #.##...#.#..#5
#.# #.#.###.##..## #.#
#............## #.#
##.......##..>.#### #.#
#........##.......# #.#
##...........#.#.######.#


You could see Pikel, 3 lemures and a ball python.

Vanquished Creatures
  4 kobold brigands (Sewer)
  A scorpion (D:4)
  A hound (D:4)
  6 adders
  2 river rats (Sewer)
  2 worms (D:3)
  3 dart slugs
  5 orcs
  9 endoplasms
  4 giant cockroaches
  9 goblins
  12 hobgoblins
  7 jackals
  6 quokkas
  12 ball pythons
  11 bats
  7 frilled lizards
  5 kobolds
  13 rats
119 creatures vanquished.

Notes
Turn   | Place    | Note
-------+----------+-------------------------------------------
     0 | D:1      | qw the Gargoyle Hexslinger began the quest for the Orb.
     0 | D:1      | Reached XP level 1. HP: 12/12 MP: 2/2
     0 | D:1      | 0 ||| qw: Version: 0.3-a-46-gb1f654a
     0 | D:1      | 0 ||| qw: Game counter: 1250
     0 | D:1      | 0 ||| qw: Melee chars always use a shield: true
     0 | D:1      | 0 ||| qw: God list: Okawaru
     0 | D:1      | 0 ||| qw: Allow faded altars: false
     0 | D:1      | 0 ||| qw: Do Orc after clearing Dungeon:15 true
     0 | D:1      | 0 ||| qw: Do second Lair branch before Depths: true
     0 | D:1      | 0 ||| qw: Lair rune preference: random
     0 | D:1      | 0 ||| qw: Goals: Normal
     0 | D:1      | 0 ||| PLANNING D:1-11
    56 | D:1      | Reached XP level 2. HP: 7/16 MP: 3/3
   158 | D:1      | Reached skill level 3 in Ranged Weapons
   427 | D:1      | Reached XP level 3. HP: 21/21 MP: 4/4
   741 | D:1      | 741 ||| DROPPING +6 ring of intelligence.
   742 | D:1      | 742 ||| READING 2 scrolls labelled HOXEEKUXZO.
   743 | D:1      | 743 ||| READING scroll of enchant weapon.
   743 | D:1      | 743 ||| ENCHANTING +2 sling.
   744 | D:1      | 744 ||| READING scroll labelled RUIV FUEGGE.
   745 | D:1      | 745 ||| READING scroll labelled HALURGHUCKE.
   748 | D:1      | 748 ||| READING scroll labelled TESE ZUPHUO.
   749 | D:1      | 749 ||| DRINKING 3 red potions.
   750 | D:1      | 750 ||| DROPPING scroll of poison.
   888 | D:2      | Reached XP level 4. HP: 26/26 MP: 5/5
   919 | D:2      | Reached skill level 4 in Ranged Weapons
   932 | D:2      | Found a faded altar of an unknown god.
  1631 | D:2      | 1631 ||| UPGRADING to +0 ring mail.
  1641 | D:2      | 1641 ||| DROPPING +0 robe.
  1642 | D:2      | 1642 ||| READING scroll labelled VOLOMAC QEXI.
  1643 | D:2      | 1643 ||| READING scroll labelled SIBATROL WINI.
  1674 | D:3      | Found Iluexzet's Armour Shoppe.
  1675 | D:3      | 1675 ||| PLANNING SEWER
  1677 | D:3      | 1677 ||| BUYING +0 pair of gloves (49 gold).
  1677 | D:3      | Bought a +0 pair of gloves for 49 gold pieces
  1739 | D:3      | Found a glowing drain.
  1740 | D:3      | 1740 ||| UPGRADING to +0 pair of gloves.
  1748 | D:3      | 1748 ||| Stepping ~*~*~tactically~*~*~ (water).
  1761 | Sewer    | Entered a sewer
  1766 | Sewer    | Noticed a kobold brigand
  1793 | Sewer    | HP: 6/26 [kobold brigand/+0 short sword (6)]
  1793 | Sewer    | HP: 1/26 [kobold brigand/+0 short sword (5)]
  1796 | Sewer    | Killed a kobold brigand
  1797 | Sewer    | Reached XP level 5. HP: 2/30 MP: 6/6
  1928 | Sewer    | 1928 ||| FLEEEEING.
  1929 | Sewer    | 1929 ||| FLEEEEING.
  1930 | Sewer    | 1930 ||| FLEEEEING.
  1965 | Sewer    | 1965 ||| Stepping ~*~*~tactically~*~*~ (water).
  1985 | Sewer    | 1985 ||| Stepping ~*~*~tactically~*~*~ (water).
  2066 | Sewer    | Noticed a kobold brigand
  2067 | Sewer    | 2067 ||| Stepping ~*~*~tactically~*~*~ (water).
  2069 | Sewer    | 2069 ||| Stepping ~*~*~tactically~*~*~ (water).
  2090 | Sewer    | Killed a kobold brigand
  2091 | Sewer    | Reached skill level 5 in Ranged Weapons
  2091 | Sewer    | Reached XP level 6. HP: 14/35 MP: 7/7
  2243 | Sewer    | 2243 ||| Stepping ~*~*~tactically~*~*~ (water).
  2258 | Sewer    | Reached skill level 3 in Fighting
  2391 | Sewer    | 2391 ||| DRINKING 2 sedimented orange potions.
  2392 | Sewer    | 2392 ||| DRINKING 2 fuming inky potions.
  2393 | Sewer    | 2393 ||| Stepping ~*~*~tactically~*~*~ (water).
  2414 | Sewer    | 2414 ||| Stepping ~*~*~tactically~*~*~ (water).
  2451 | Sewer    | Reached skill level 6 in Ranged Weapons
  2451 | Sewer    | Reached XP level 7. HP: 41/41 MP: 8/8
  2659 | Sewer    | 2659 ||| DRINKING 2 bubbling ruby potions.
  2660 | Sewer    | 2660 ||| DROPPING potion of magic.
  2661 | Sewer    | 2661 ||| DROPPING potion of brilliance.
  2666 | D:3      | 2666 ||| PLANNING D:1-11
  2869 | D:3      | Found Fegg's Magic Scroll Boutique.
  2877 | D:3      | 2877 ||| BUYING scroll of teleportation (42 gold).
  2877 | D:3      | Bought a scroll of teleportation for 42 gold pieces
  2877 | D:3      | 2877 ||| BUYING scroll of teleportation (42 gold).
  2877 | D:3      | Bought a scroll of teleportation for 42 gold pieces
  2877 | D:3      | 2877 ||| SHOPLISTING scroll of teleportation (42 gold, have
                  | 3).
  2912 | D:3      | Found Athik's Antique Armour Emporium.
  2921 | D:3      | 2921 ||| SHOPLISTING runed scarf (208 gold, have 3).
  3029 | D:3      | Found Jioskigi's Armour Shoppe.
  3049 | D:3      | 3049 ||| SHOPLISTING +0 pair of boots of stealth (126 gold,
                  | have 14).
  3049 | D:3      | 3049 ||| SHOPLISTING +0 robe of Qazlal's Reproof {rF-
                  | Regen+ Dex+2} (53 gold, have 14).
  3049 | D:3      | 3049 ||| SHOPLISTING +3 helmet "Pellie Laja" {Fly Will+}
                  | (376 gold, have 14).
  3049 | D:3      | 3049 ||| SHOPLISTING +3 ring mail of cold resistance (286
                  | gold, have 14).
  3267 | D:3      | 3267 ||| READING scroll labelled KINARGH URHYO.
  3356 | D:4      | Noticed Edmund
  3365 | D:4      | HP: 10/41 [frozen (5)]
  3366 | D:4      | 3366 ||| READING 5 scrolls of teleportation.
  3367 | D:4      | HP: 4/41 [Edmund/+2 flail of protection (1)]
  3561 | D:4      | 3561 ||| SWAPPING to +0 heavy sling.
  3562 | D:4      | 3562 ||| DROPPING +3 sling.
  3877 | D:4      | Identified the +2 sling of Maolesch {antimagic, rC+ Str+2
                  | Dex-3 SInv}
  3884 | D:4      | HP: 8/43 [Edmund/+2 flail of protection (3)]
  3885 | D:4      | 3885 ||| READING 4 scrolls of teleportation.
  4080 | D:4      | Noticed Pikel
  4087 | D:4      | HP: 5/43 [Pikel/+0 whip of flaming (8)]
  4087 | D:4      | Slain by Pikel

Levels and vault maps discovered:
D:1:      evilmike_arrival_plus, layout_basic, minmay_tromino_i4
D:2:      layout_basic, shapermc_ecumenical_altar_acropolis
D:3:      layout_basic, serial_shops, shop_scrolls, shop, shop,
          nicolae_shop_hallway_plus, cheibrodos_sewer_entry_bend,
          minmay_misc_feat_hallway
D:4:      layout_loops_cross, marbit_many_paths, uniq_edmund, uniq_pikel

Skill      XL: |  1  2  3  4  5  6  7 |
---------------+----------------------+-----
Ranged Weapons | 3 4 5 6 |  6.3
Fighting       | 2 3 4 |  4.0
Armour         | 2 |  2.8
Dodging        | |  1.5
Spellcasting   | |  1.0
Hexes          | |  2.6

Action                     |  1- 3 |  4- 6 |  7- 9 || total
---------------------------+-------+-------+-------++-------
   Fire: Sling             |   136 |   200 |   127 ||   463
    Use: Scroll            |     5 |     2 |     3 ||    10
         Potion            |     1 |     2 |     1 ||     4
 Armour: Robe              |    21 |     8 |       ||    29
         Ring mail         |       |    54 |    45 ||    99
  Dodge: Dodged            |    51 |    56 |    49 ||   156

Table legend:
 A = Non-vault XP
 B = Vault XP
 C = Vault XP percentage of total XP
 D = Non-vault monster count
 E = Vault monster count
 F = Vault count percentage of total count
                 A         B        C        D         E       F
            +---------+---------+-------+---------+---------+-------
      Total |     329 |     504 |  60.5 |      88 |      31 |  26.1
            +---------+---------+-------+---------+---------+-------
        D:1 |      53 |       7 |  11.7 |      30 |       4 |  11.8
        D:2 |      74 |       0 |   0.0 |      29 |       0 |   0.0
        D:3 |      39 |       5 |  11.4 |      17 |       1 |   5.6
        D:4 |     163 |       0 |   0.0 |      12 |       0 |   0.0
      Sewer |       0 |     492 | 100.0 |       0 |      26 | 100.0
            +---------+---------+-------+---------+---------+-------
